 Dungeon Crawl Stone Soup version 0.29-a0-22-gbf593b16ee (webtiles) character file.

Game seed: 2457941816068163810

3 Ajdolov the Skirmisher (level 1, 0/20 HPs)
             Began as a Hill Orc Fighter on Jan 29, 2022.
             Slain by a quokka (2 damage)
             ... on level 1 of the Dungeon.
             The game lasted 00:00:15 (197 turns).

Ajdolov the Skirmisher (Hill Orc Fighter)            Turns: 197, Time: 00:00:15

Health: 0/20       AC:  6    Str: 18    XL:     1   Next: 50%
Magic:  1/1        EV:  9    Int:  8    God:
Gold:   0          SH:  4    Dex: 10    Spells: 0/0 levels left

rFire   . . .      SeeInvis .   a - +0 war axe
rCold   . . .      Faith    .   c - +0 buckler
rNeg    . . .      Spirit   .   b - +0 scale mail
rPois   .          Reflect  .   (no helmet)
rElec   .          Harm     .   (no cloak)
rCorr   .          Rampage  .   (no gloves)
Will    .....                   (no boots)
Stlth   ..........              (no amulet)
HPRegen 0.06/turn               (no ring)
MPRegen 0.07/turn               (no ring)

@: no status effects
A: no striking features
a: no special abilities


You were on level 1 of the Dungeon.
You visited 1 branch of the dungeon, and saw 1 of its levels.

Inventory:

Hand Weapons
 a - a +0 war axe (weapon)
Armour
 b - a +0 scale mail (worn)
 c - a +0 buckler (worn)
Potions
 d - a potion of might
 e - a potion of lignification {unknown}


   Skills:
 + Level 3.7 Fighting
 * Level 3.0 Axes
 - Level 3.2 Armour
 - Level 3.2 Shields


You couldn't memorise any spells.
You didn't know any spells.
Your spell library was empty.

Dungeon Overview and Level Annotations

Branches:
Dungeon (1/15)

Altars:


Message History

You hit the bat.
The bat is moderately wounded.
The bat hits you.
You miss the bat.
The bat is moderately wounded.
The bat hits you but does no damage. x2
You slash the bat!
You kill the bat!
Your Axes skill increases to level 3!
No target in view!
HP restored.
Things that are here:
a +0 club; a goblin corpse A ball python comes into view.
The ball python hisses angrily.
You slash the ball python!
You kill the ball python!
No target in view!
e - a smoky purple potion
Found a stone staircase leading down.
Found a hunting sling.
A kobold comes into view. It is wielding a +0 whip.
The kobold shouts!
Found an amethyst potion.
There is a stone staircase leading down here.
A quokka comes into view.
The kobold hits you with a +0 whip.
You closely miss the kobold. The kobold misses you.
You barely miss the kobold. The kobold hits you with a +0 whip.
You barely miss the kobold. The kobold hits you but does no damage.
The quokka bites you. The kobold hits you with a +0 whip.
* * * LOW HITPOINT WARNING * * *
You are too injured to fight recklessly!
There is a stone staircase leading down here.
You block the quokka's attack.
You hit the quokka but do no damage. The quokka completely misses you.
The quokka bites you.
* * * LOW HITPOINT WARNING * * *
You completely miss the quokka. The quokka bites you.
You die...

### ### #.#
...###########.#
...............# #.
##.#######.###.# ####.
#)#######.###.#### .
....###.#........##.....
..##.......#.#####..####.##
....... #@#.# #...# #.#
....... #r#.####..## #.#
..##...###K#.......# #.#
.........>...####..#####.##
..!.................#.....#
..##.........##....##.##..#
##...##.###............#
..##.....##...)..##.##.##
....#######.....#.##†##.#


You could see a quokka and a kobold.

Vanquished Creatures
  A bat (D:1)
  A goblin (D:1)
  A ball python (D:1)
3 creatures vanquished.

Notes
Turn   | Place    | Note
-------+----------+-------------------------------------------
     0 | D:1      | Ajdolov the Hill Orc Fighter began the quest for the Orb.
     0 | D:1      | Reached XP level 1. HP: 19/19 MP: 1/1
   197 | D:1      | Slain by a quokka

Illustrated notes

Levels and vault maps discovered:
D:1:      psy_arrival_spokes, layout_basic,
          hellmonk_ecumenical_altar_pennies_from_heaven

Skill      XL: |  1 |
---------------+----+-----
Axes           | 3 |  3.0
Fighting       | |  3.7
Armour         | |  3.2
Shields        | |  3.2

Action                   || total
-------------------------++-------
Melee: War axe           ||    13
Armor: Scale mail        ||     3
Dodge: Dodged            ||     5
Block: Buckler           ||     3

Table legend: (Time is in decaauts)
 A = Elapsed time spent in this place.
 B = Non-inter-level travel time spent in this place.
 C = Inter-level travel time spent in this place.
 D = Time resting spent in this place.
 E = Time spent auto-exploring this place.
 F = Levels seen in this place.
 G = Mean time per level.
                   A        B        C        D        E       F      G
               +--------+--------+--------+--------+--------+-----+--------+
         Total |    201 |    201 |      0 |      0 |    163 |   1 |  201.0 |
       Dungeon |    201 |    201 |      0 |      0 |    163 |   1 |  201.0 |
               +--------+--------+--------+--------+--------+-----+--------+

Top non-repeatable levels by time:
     D:1: 201 daAuts
